 Dungeon Crawl Stone Soup version bcrawl-1.12-11-gb93c957c58 (webtiles) character file.

Game seed: 3237960286867040622

108 JarielCorvus the Ducker (level 4, -2/28 HPs)
             Began as an Avariel Reaver on June 30, 2019.
             Was a Follower of Vehumet.
             Killed from afar by an orc wizard (7 damage)
             ... with a puff of frost
             ... on level 3 of the Dungeon.
             The game lasted 00:08:58 (2929 turns).

JarielCorvus the Ducker (Avariel Reaver)            Turns: 2929, Time: 00:08:59

Health: -2/28      AC:  5    Str: 10    XL:     4   Next: 87%
Magic:  12/12      EV: 13    Int: 20    God:    Vehumet [*.....]
Gold:   247        SH:  1    Dex: 11    Spells: 11/11 levels left

rFire    . . .     SeeInvis .   a - +0 long sword
rCold    . . .     Gourm    .   (no shield)
rNeg     . . .     Faith    .   b - +0 steam dragon scales
rPois    .         Spirit   .   (no helmet)
rElec    .         Reflect  .   (no cloak)
rCorr    .         Harm     .   (no gloves)
MR       .....                  (no boots)
Stlth    +.........             (no amulet)
HPRegen  0.09/turn              (no ring)
MPRegen  0.13/turn              (no ring)

@: no status effects
A: no striking features
a: Renounce Religion


You were on level 3 of the Dungeon.
You worshipped Vehumet.
Vehumet was aware of your devotion.
You were not hungry.

You visited 1 branch of the dungeon, and saw 3 of its levels.

You collected 247 gold pieces.

Inventory:

Hand Weapons
 a - a +0 long sword (weapon)
Armour
 b - +0 steam dragon scales (worn)
 g - a scarf of cloud immunity
Jewellery
 j - an uncursed ring of wizardry {unknown}
 m - an uncursed ring of protection from fire
 p - a cursed ring of protection from magic {unknown}
Scrolls
 d - 2 scrolls of immolation
 e - 2 scrolls of remove curse {unknown}
 i - 4 scrolls of identify {unknown}
 l - a scroll of enchant armour {unknown}
 n - a scroll of noise {unknown}
 t - a scroll of fog {unknown}
Potions
 c - a potion of haste
 h - a potion of flight {unknown}
 k - a potion of degeneration {unknown}
 o - a potion of might {unknown}
 q - 2 potions of curing {unknown}
 r - a potion of cancellation {unknown}
Comestibles
 f - 10 rations {!d}
 s - 2 chunks of flesh


   Skills:
 * Level 3.3 Fighting
 + Level 3.7 Long Blades
 * Level 4.2 Dodging
 * Level 4.0 Spellcasting


You had 11 spell levels left.
You didn't know any spells.
Your spell library contained the following spells:

 Spells                   Type           Power        Failure   Level  Hunger
 Flame Tongue             Conj/Fire      #....        13%         1    None
 Iskenderun's Battlesphe  Conj/Chrm      #.......     98%         5    ######.


Dungeon Overview and Level Annotations

Branches:
Dungeon (3/12)

Altars:
Fedhas


Message History

The puff of frost misses you.
The orc wizard casts a spell.
The orc wizard blinks!
You closely miss the orc wizard.
The orc wizard hits you but does no damage.
You blink.
Found 78 stones.
An orc comes into view. It is wielding a +0 club.
The orc shouts!
You hear a shout!
An orc comes into view. It is wielding a +0 club.
The orc wizard points at you and mumbles some strange words.
The puff of frost hits you!
* * * LOW HITPOINT WARNING * * *
You hit the orc.
The orc is severely wounded.
The orc hits you but does no damage.
An orc comes into view. It is wielding a +0 hand axe.
The orc wizard gestures at you while chanting.
The puff of frost hits you!
You die...

#...# #.##........
#..?# #.##.##.....
#...# #........#.#
######...######.###.#.#
....g....†......# #.#.#
g...o...$.......# #.#..
o.....<.........# #.###
.#####oo.##########.#
#@..# #...### #...#
#.##..> #...# #. #.##
#...# #.##.## #...#
#...... .o... ####...
#..o... #.## #o......
#... ..(....## #.##


You could see an orc wizard, 5 orcs and a hobgoblin.

Vanquished Creatures
  An orc priest (D:2)
  2 adders
  An ooze (D:1)
  2 worms (D:3)
  A dart slug (D:1)
  A leopard gecko (D:2)
  6 orcs
  2 giant cockroaches (D:3)
  A goblin (D:1)
  5 hobgoblins
  4 jackals (D:2)
  4 kobolds
  A quokka (D:2)
  A ball python (D:2)
  4 bats
  A frilled lizard (D:2)
  6 rats (D:1)
43 creatures vanquished.

Vanquished Creatures (others)
  6 toadstools (D:2)
6 creatures vanquished.

Grand Total: 49 creatures vanquished

Notes
Turn   | Place    | Note
-------+----------+-------------------------------------------
     0 | D:1      | JarielCorvus the Avariel Reaver began the quest for the
                  | Orb.
     0 | D:1      | Reached XP level 1. HP: 13/13 MP: 6/6
   158 | D:1      | Reached XP level 2. HP: 18/18 MP: 7/7
   739 | D:2      | Reached XP level 3. HP: 14/23 MP: 10/10
   776 | D:2      | HP: 1/23 [orc/+0 hand axe (4)]
   779 | D:2      | Reached * piety under Vehumet
   779 | D:2      | Offered knowledge of Flame Tongue by Vehumet.
   779 | D:2      | Reached XP level 4. HP: 1/28 MP: 11/11
  1830 | D:2      | Found a blossoming altar of Fedhas.
  1959 | D:2      | Found a faded altar of an unknown god.
  2929 | D:3      | Killed from afar by an orc wizard

Skill      XL: |  1  2  3  4 |
---------------+-------------+-----
Spellcasting   | 3 4 |  4.0
Fighting       | 3 |  3.3
Dodging        | 4 |  4.2
Long Blades    | |  3.7

Action                   |  1- 3 |  4- 6 || total
-------------------------+-------+-------++-------
Melee: Long sword        |    72 |    80 ||   152
 Stab: Sleeping          |     2 |       ||     2
  Eat: Chunk             |       |     3 ||     3
       Ration            |       |     1 ||     1
Armor: Steam dragon scal |    27 |    26 ||    53
Dodge: Dodged            |    51 |    53 ||   104
